 Dungeon Crawl Stone Soup version 0.18-a0-1347-gb9e2fb4 (webtiles) character file.

910 KaeM the Digger (level 8, -6/41 HPs)
             Began as a Gargoyle Earth Elementalist on Feb 17, 2016.
             Mangled by an orc warrior
             ... wielding a +0 flail
              (7 damage)
             ... on level 6 of the Dungeon.
             The game lasted 00:22:24 (7205 turns).

KaeM the Digger (Gargoyle Earth Elementalist)       Turns: 7205, Time: 00:22:24

Health: -6/41      AC:  9    Str: 11    XL:     8   Next: 8%
Magic:  1/17       EV: 12    Int: 19    God:
Gold:   107        SH:  0    Dex: 14    Spells: 3 memorised, 10 levels left

rFire  . . .     SeeInvis .     o - +1 hand axe "Beas" {venom, Fragile rN++ Dex+4}
rCold  . . .     Gourm    .     a - +0 robe
rNeg   + + +     Faith    .     (no shield)
rPois  ∞         Spirit   .     i - +1 helmet
rElec  +         Dismiss  .     (no cloak)
rCorr  .         Reflect  .     (no gloves)
SustAt .         Harm     .     (no boots)
MR     .....                    (no amulet)
Stlth  +++.......               (no ring)
                                v - ring of stealth

@: not resistant to hostile enchantments, fairly stealthy
A: negative energy resistance 1, electricity resistance, unbreathing,
petrification resistance, rot immunity, AC +5
a: no special abilities


You were on level 6 of the Dungeon.
You were not hungry.

You visited 2 branches of the dungeon, and saw 7 of its levels.

You collected 315 gold pieces.
You spent 208 gold pieces at shops.

Inventory:

Hand Weapons
 f - a +0 club
 h - a +0 short sword
 o - the +1 hand axe "Beas" (weapon) {venom, Fragile rN++ Dex+4}
   (You bought it in a shop on level 4 of the Dungeon)

   It poisons the flesh of those it strikes.
   It affects your dexterity (+4).
   It greatly protects you from negative energy.
   It will be destroyed if unequipped.
 r - a +0 flail
 s - a +0 hand axe
 t - a +0 mace
 E - a +1 whip of venom
Missiles
 b - 80 stones (quivered)
Armour
 a - a +0 robe (worn)
 i - a +1 helmet (worn)
 F - a +0 buckler
Magical Staves
 x - an uncursed staff of conjuration
 y - an uncursed staff of poison
Jewellery
 u - an uncursed amulet of dismissal
 v - a ring of stealth (left hand)
Wands
 l - a wand of random effects (33/48)
 C - a wand of digging (1/24)
 H - a wand of flame (24/48)
Scrolls
 m - a scroll of blinking
 n - a scroll of magic mapping
 p - 2 scrolls of fear
 q - a scroll of teleportation
 A - 3 scrolls of enchant weapon
 D - a scroll of amnesia
Potions
 e - 3 potions of curing
 k - 2 potions of might
 w - a potion of agility
Books
 c - a book of Geomancy

   Spells                             Type                      Level
   a - Sandblast                      Earth                        1
   b - Passwall                       Transmutation/Earth          2
   c - Stone Arrow                    Conjuration/Earth            3
   d - Petrify                        Transmutation/Earth          4
   e - Lee's Rapid Deconstruction     Earth                        5
 B - a book of Maledictions

   Spells                             Type                      Level
   a - Corona                         Hexes                        1
   b - Ensorcelled Hibernation        Hexes/Ice                    2
   c - Confuse                        Hexes                        3
   d - Tukima's Dance                 Hexes                        3
   e - Dazzling Spray                 Conjuration/Hexes            3
 G - a book of Necromancy

   Spells                             Type                      Level
   a - Pain                           Necromancy                   1
   b - Animate Skeleton               Necromancy                   1
   c - Vampiric Draining              Necromancy                   3
   d - Regeneration                   Charms/Necromancy            3
   e - Animate Dead                   Necromancy                   4
   f - Control Undead                 Necromancy                   4
Comestibles
 d - 3 bread rations
 g - 4 meat rations
 j - a slice of pizza
 z - 8 fruits
 I - 2 chunks of flesh


   Skills:
 - Level 1.5 Dodging
 - Level 2.1 Stealth
 * Level 6.4 Spellcasting
 + Level 4.1 Conjurations
   Level 0.7 Transmutations
 + Level 6.4 Earth Magic


You had 10 spell levels left.
You knew the following spells:

 Your Spells              Type           Power        Failure   Level  Hunger
a - Sandblast             Erth           ####..       1%          1    None
b - Stone Arrow           Conj/Erth      ####..       4%          3    ##.....
c - Lee's Rapid Deconstr  Erth           ####......   21%         5    #####..


Dungeon Overview and Level Annotations

Branches:
Dungeon (6/15)             Temple (1/1) D:6

Altars:
Ashenzari
Cheibriados
Dithmenos
Elyvilon
Fedhas
Gozag
Kikubaaqudgha
Nemelex Xobeh
Okawaru
Pakellas
Qazlal
Ru
Sif Muna
Trog
Yredelemnul
Zin
The Shining One

Shops:
D:4 (=(*}

Annotations:
D:2 Sigmund


Innate Abilities, Weirdness & Mutations

You are resistant to torment.
Your stone body is resilient (AC +5).
You are immune to poison.
You resist negative energy.
You are resistant to electric shocks.
You can survive without breathing.
You are immune to petrification.
You are immune to rotting.


Message History

The orc warrior closely misses you.
You hit the orc warrior but do no damage.
The orc warrior is poisoned.
The orc warrior is moderately wounded.
The orc warrior hits you with a flail!
You hit the orc warrior.
The orc warrior looks even sicker.
The orc warrior is moderately wounded.
The orc warrior hits you with a flail!
* * * LOW HITPOINT WARNING * * *
You are too injured to fight recklessly!
You are too injured to fight recklessly!
Unknown command.
Evoke which item? (* to show all) (? for menu, Esc to quit)
Zapping:
l - a wand of random effects (will waste charges)
Press: ? - help, Shift-Dir - straight line, f/p - orc warrior
Aim: an orc warrior, wielding a flail and wearing a plate armour (heavily wounded, poisoned)
The orc warrior looks slightly unstable.
Evoking this partially-identified wand wasted a few charges.
The orc warrior hits you with a flail!
You die...

........# #.# #.....
........#####.#####.....
.....................[..
..................#...##
#.......# #......#.....
#.......####......#.....
..###.#>..........+.....
o. #...##......#.....
..o #@..##............
... #o..##..........##
.. #...##..........## .
#...##..........##
#...##..........##
#.#...##..........##
....................
....................
....................


You could see an orc warrior.

Vanquished Creatures
  The ghost of Gottschkopf the Changer, an amateur DrTm (D:3)
  2 sky beasts
  A phantom (D:4)
  An ogre (D:5)
  A centaur skeleton (D:4)
  3 iguanas
  2 orc wizards
  2 worker ants
  A hound skeleton (D:6)
  5 adders
  4 gnolls (D:2)
  An ooze (D:3)
  2 worms (D:2)
  9 giant geckos
  7 orcs
  A ball python (D:3)
  13 bats
  9 giant cockroaches
  3 goblins
  12 hobgoblins
  4 jackals (D:2)
  5 kobolds
  2 quokkas (D:4)
  7 giant newts
  2 jackal skeletons (D:5)
  A quokka skeleton (D:5)
  A quokka zombie (D:5)
  9 rats
111 creatures vanquished.

Notes
Turn   | Place    | Note
--------------------------------------------------------------
     0 | D:1      | KaeM the Gargoyle Earth Elementalist began the quest for the Orb.
     0 | D:1      | Reached XP level 1. HP: 10/10 MP: 3/3
   185 | D:1      | Reached XP level 2. HP: 9/15 MP: 5/5
  1116 | D:1      | Reached XP level 3. HP: 2/19 MP: 5/7
  1395 | D:1      | Learned a level 3 spell: Stone Arrow
  2151 | D:2      | Found a faded altar to an unknown god.
  2178 | D:2      | Reached skill level 4 in Earth Magic
  2195 | D:2      | Found a snail-covered altar of Cheibriados.
  2208 | D:2      | Reached XP level 4. HP: 13/24 MP: 5/9
  2398 | D:2      | Noticed Sigmund
  2551 | D:2      | Reached skill level 1 in Conjurations
  3197 | D:3      | Noticed Gottschkopf's ghost (amateur DrTm)
  3208 | D:3      | Reached XP level 5. HP: 28/28 MP: 1/11
  3227 | D:3      | Killed Gottschkopf's ghost
  3227 | D:3      | Reached skill level 5 in Earth Magic
  3227 | D:3      | Reached XP level 6. HP: 10/32 MP: 0/12
  3442 | D:3      | Learned a level 5 spell: Lee's Rapid Deconstruction
  4059 | D:3      | Found a glowing golden altar of the Shining One.
  4526 | D:4      | Reached skill level 5 in Spellcasting
  4575 | D:4      | Found Padyruav's Weapon Shop.
  4897 | D:4      | Found Gehuon's Assorted Antiques.
  5054 | D:4      | Found a shadowy altar of Dithmenos.
  5054 | D:4      | Found a glowing silver altar of Zin.
  5139 | D:4      | Found a sparkling altar of Nemelex Xobeh.
  5308 | D:4      | Found Zamnue's Antique Weapon Emporium.
  5330 | D:4      | Bought a pitted hand axe for 208 gold pieces
  5363 | D:4      | Found Hirrosmi's Jewellery Emporium.
  5402 | D:4      | Found Lieqim's Gadget Shop.
  5498 | D:4      | Identified the cursed +1 hand axe "Beas" {venom, Fragile rN++ Dex+4} (You bought it in a shop on level 4 of the Dungeon)
  5534 | D:4      | Noticed a phantom
  5559 | D:4      | Killed a phantom
  5559 | D:4      | Reached XP level 7. HP: 6/36 MP: 4/15
  6149 | D:5      | Entered Level 5 of the Dungeon
  6356 | D:5      | Found an oddly glowing altar of Pakellas.
  6552 | D:5      | Reached skill level 6 in Spellcasting
  7008 | D:6      | Found a staircase to the Ecumenical Temple.
  7017 | D:6      | Reached XP level 8. HP: 37/41 MP: 17/17
  7027 | Temple   | Entered the Ecumenical Temple
  7204 | D:6      | HP: 1/41 [orc warrior/flail (12)]
  7205 | D:6      | Mangled by an orc warrior

Vault maps used:
D:1:      mrwooster_arrival_statue_2
D:2:      cheibriados_altar_1, ecumenical_altar_2, uniq_sigmund
D:3:      old_standard_altar
D:4:      lemuel_round_altar, gammafunk_temple_overflow_wave, serial_shops,
          nicolae_shop_stone, nicolae_shop_temple_entry_statues_fountains,
          nicolae_shop_waterfront, shop, shop_statue, first_bread,
          minmay_statues_item
D:5:      johnstein_pakellas_dig
D:6:      minmay_temple_entry_junction2, serial_shops, shop
Temple:   circular_temple_12

Action                   |  1- 3 |  4- 6 |  7- 9 || total
-------------------------+-------+-------+-------++-------
Melee: Club              |    35 |       |       ||    35
       Short sword       |   111 |    21 |       ||   132
       Hand axe          |       |    66 |    81 ||   147
 Cast: Sandblast         |    12 |    55 |       ||    67
       Stone Arrow       |       |     7 |    10 ||    17
Evoke: Wand              |       |       |     1 ||     1
  Use: Scroll            |     7 |     7 |     3 ||    17
       Potion            |       |     2 |       ||     2
 Stab: Sleeping          |     1 |     3 |     1 ||     5
  Eat: Chunk             |     4 |    11 |     5 ||    20
       Beef jerky        |       |       |     1 ||     1
